 Dungeon Crawl Stone Soup version 0.27.1-34-g3ba077fa99 (webtiles) character file.

Game seed: 15917568772164698722

3 cbfl8 the Shooter (level 1, 0/14 HPs)
             Began as a Minotaur Wanderer on Jan 17, 2022.
             Slain by a ball python (2 damage)
             ... on level 1 of the Dungeon.
             The game lasted 00:00:16 (341 turns).

cbfl8 the Shooter (Minotaur Wanderer)                Turns: 341, Time: 00:00:16

Health: 0/14       AC:  2    Str: 15    XL:     1   Next: 41%
Magic:  1/1        EV:  8    Int: 12    God:
Gold:   0          SH:  0    Dex:  7    Spells: 2/2 levels left

rFire    . . .     SeeInvis .   a - +2 shortbow
rCold    . . .     Faith    .   (shield currently unavailable)
rNeg     . . .     Spirit   .   d - +0 robe
rPois    .         Reflect  .   (helmet restricted)
rElec    .         Harm     .   (no cloak)
rCorr    .         Rampage  .   (no gloves)
Will     .....                  (no boots)
Stlth    +.........             (no amulet)
HPRegen  0.04/turn              (no ring)
MPRegen  0.07/turn              (no ring)

@: constricted
A: horns 2, retaliatory headbutt
a: no special abilities


You were on level 1 of the Dungeon.
You visited 1 branch of the dungeon, and saw 1 of its levels.

Inventory:

Hand Weapons
 a - a +2 shortbow (weapon)
Missiles
 b - 24 arrows (quivered ammo)
Armour
 d - a +0 robe (worn)
Potions
 c - 2 potions of curing


   Skills:
 + Level 5.6 Bows
 + Level 1.3 Spellcasting
 + Level 1.0 Ice Magic
 + Level 1.7 Evocations


You had 2 spell levels left.
You didn't know any spells.
Your spell library was empty.

Dungeon Overview and Level Annotations

Branches:
Dungeon (1/15)

Altars:


Innate Abilities, Weirdness & Mutations

You have a pair of horns on your head.
You reflexively headbutt those who attack you in melee.


Message History

The hobgoblin hits you but does no damage.
The hobgoblin closely misses you. You furiously retaliate!
You headbutt the hobgoblin.
You clumsily bash the hobgoblin but do no damage.
Your headbutt misses the hobgoblin.
The hobgoblin is moderately wounded.
The hobgoblin closely misses you.
You barely miss the hobgoblin.
The hobgoblin is moderately wounded.
The hobgoblin hits you. The hobgoblin barely misses you.
You furiously retaliate!
You headbutt the hobgoblin. You closely miss the hobgoblin.
The hobgoblin is severely wounded.
The hobgoblin misses you.
You closely miss the hobgoblin.
The hobgoblin is severely wounded.
The hobgoblin hits you. x2
You clumsily bash the hobgoblin but do no damage.
The hobgoblin is severely wounded.
The hobgoblin hits you.
* * * LOW HITPOINT WARNING * * *
You clumsily bash the hobgoblin but do no damage.
The hobgoblin is severely wounded.
The hobgoblin misses you.
The hobgoblin hits you but does no damage.
You clumsily bash the hobgoblin but do no damage.
Your headbutt misses the hobgoblin.
The hobgoblin is heavily wounded.
The hobgoblin barely misses you. You furiously retaliate!
You headbutt the hobgoblin!
You kill the hobgoblin!
You clumsily bash the bat but do no damage.
The bat closely misses you. You furiously retaliate!
You headbutt the bat.
You kill the bat!
You closely miss the ball python. The ball python bites you.
* * * LOW HITPOINT WARNING * * *
The ball python grabs you. The ball python constricts you.
* * * LOW HITPOINT WARNING * * *
The ball python bites you.
You die...

#.........###.
#.#.........#
#.#.........#
#.#.##.######
###.#.##.####...
...............
##.#.##.#####..
#..####....##.#
......S@......#
...####....####
##.#.# #.#.#
#.#.# ..#.#
###.# #.# .#


You could see a ball python.

Vanquished Creatures
  An endoplasm (D:1)
  A hobgoblin (D:1)
  A bat (D:1)
3 creatures vanquished.

Notes
Turn   | Place    | Note
-------+----------+-------------------------------------------
     0 | D:1      | cbfl8 the Minotaur Wanderer began the quest for the Orb.
     0 | D:1      | cbfl8 set off with the following items: a +2 shortbow, 24
                  | arrows, 2 potions of curing, a +0 robe
     0 | D:1      | Reached XP level 1. HP: 14/14 MP: 1/1
   341 | D:1      | Slain by a ball python

Illustrated notes

Levels and vault maps discovered:
D:1:      wander_arrival_lonely_grave, layout_loops_ring, serial_forest,
          infiniplex_forest_clump_medium, infiniplex_forest_lined_2,
          infiniplex_forest_lined_room_3, infiniplex_forest_clump_large,
          infiniplex_forest_clump_small, infiniplex_forest_lined_2,
          dreamdust_ecumenical_altar_statues

Action                   || total
-------------------------++-------
Melee: Shortbow          ||    18
       Headbutt          ||     1
Armor: Robe              ||     3
Dodge: Dodged            ||    14
